[Event "Titled Tuesday Blitz June 20 Late 2023"]
[White "Mahdavi, Reza"]
[Black "Le, Tuan Minh"]
[WhiteFideId "12595926"]
[BlackFideId "12401153"]
[WhiteElo "2395"]
[BlackElo "2566"]
[Result "0-1"]
[Round "6"]
[TimeControl "180+2"]
[Date "2023.06.20"]
[WhiteClock "0:00:00"]
[BlackClock "0:00:13"]
[Board "12"]

1. e4 c5 2. Nf3 Nf6 3. e5 Nd5 4. Nc3 Nxc3 5. dxc3 Nc6 6. Bf4 e6 7. Qd2 h6 8. h4 Qc7 9. O-O-O b6 10. Rh3 Bb7 11. Rg3 O-O-O 12. Qe3 Ne7 13. Qe1 Nf5 14. Rh3 d5 15. exd6 Bxd6 16. Bxd6 Rxd6 17. Rxd6 Nxd6 18. Nd2 Rd8 19. Rg3 Nf5 20. Rh3 h5 21. b3 Qe7 22. g3 Qf6 23. Kb2 Nh6 24. Be2 Qe5 25. Nc4 Qf5 26. Rh2 g6 27. Bd3 Qf6 28. f4 Ng4 29. Rd2 Bd5 30. Qe2 Bxc4 31. Bxc4 Rxd2 32. Qxd2 Qd8 33. Qe2 Kc7 34. a4 Qd6 35. a5 bxa5 36. Qe1 Nh6 37. Qa1 Kb6 38. Bd3 Ng4 39. Qa4 Qc6 40. Qc4 Kc7 41. Be4 Qb6 42. Qa4 Nf6 43. Bf3 Kd6 44. Qc4 Ke7 45. Qe2 a4 46. Qe5 axb3 47. cxb3 Ne8 48. f5 Qd6 49. Qe1 Ng7 50. fxg6 fxg6 51. Be4 Qe5 52. Qe3 a5 53. Qd3 Nf5 54. Bxf5 gxf5 55. Qf3 Kd6 56. Qd1+ Kc7 57. Qxh5 Qxg3 58. Qf7+ Kd6 59. Qf8+ Kd7 60. Qxc5 Qh2+ 61. Kb1 Qh1+ 62. Kb2 Qh2+ 63. Kb1 f4 64. Qd4+ Ke7 65. Qg7+ Kd6 66. Qd4+ Kc6 67. Qc4+ Kd7 68. Qd4+ Ke8 69. Qh8+ Ke7 70. Qg7+ Kd6 71. Qd4+ Kc6 72. Qc4+ Kb6 73. Qxe6+ Kc7 74. Qe5+ Kd7 75. h5 Qg1+ 76. Kb2 Qg2+ 77. Ka3 f3 78. Qd5+ Ke7 79. h6 Qh1 80. Qe4+ Kf7 81. Ka4 Qg2 82. Qf5+ Kg8 83. h7+ Kh8 84. Kxa5 f2 85. Qf8+ Kxh7 86. Qf7+ Kh6 87. Qf6+ Kh5 88. Qf7+ Kh4 89. Qh7+ Kg3 90. Qg6+ Kh2 91. Qh5+ Kg1 92. Qc5 Qa8+ 93. Kb4 Qb8+ 94. Ka3 Qf4 95. b4 Kg2 96. Qd5+ Qf3 97. Qg5+ Kh2 98. Qh4+ Kg2 99. Qg5+ Qg3 100. Qd5+ Kh2 101. Qd2 Kh1 102. Qh6+ Kg1 103. Qb6 Qxc3+ 104. Ka4 Qc2+ 105. Ka5 Qa2+ 106. Kb5 Qd5+ 107. Ka4 Kg2 108. Qg6+ Kf3 109. Qf6+ Ke3 110. Qc3+ Qd3 111. Qe5+ Kf3 112. Qf6+ Ke2 113. Qe5+ Kd1 114. Qa1+ Kd2 115. Qf6 f1=Q 0-1


[Site "https://www.chess.com"]

[Event "Titled Tuesday Blitz June 20 Late 2023"]
[White "Makridis, Dimitrios"]
[Black "Bortnyk, Mykola"]
[WhiteFideId "25864475"]
[BlackFideId "14120836"]
[WhiteElo "2277"]
[BlackElo "2592"]
[Result "1/2-1/2"]
[Round "6"]
[TimeControl "180+2"]
[Date "2023.06.20"]
[WhiteClock "0:00:20"]
[BlackClock "0:01:05"]
[Board "13"]

1. e4 Nf6 2. e5 Nd5 3. c4 Nb6 4. c5 Nd5 5. Bc4 e6 6. Nc3 Bxc5 7. d4 Bb4 8. Qg4 Nxc3 9. a3 Bf8 10. bxc3 d5 11. Bd3 c5 12. Nf3 b6 13. h4 Ba6 14. Bxa6 Nxa6 15. h5 cxd4 16. cxd4 Rc8 17. h6 gxh6 18. Bxh6 Bxh6 19. Rxh6 Qc7 20. Rxe6+ Kf8 21. Rf6 Qc3+ 22. Ke2 Rg8 23. Rxf7+ Kxf7 24. Qd7+ Kf8 25. Qd6+ Ke8 26. Qe6+ Kd8 27. Qd6+ Ke8 28. Qe6+ Kd8 29. Qd6+ Ke8 1/2-1/2


[Site "https://www.chess.com"]

[Event "Titled Tuesday Blitz June 20 Late 2023"]
[White "Rasulov, Vugar"]
[Black "Cuenca Jimenez, Jose Fernando"]
[WhiteFideId "13402390"]
[BlackFideId "2255570"]
[WhiteElo "2509"]
[BlackElo "2418"]
[Result "1-0"]
[Round "6"]
[TimeControl "180+2"]
[Date "2023.06.20"]
[WhiteClock "0:00:28"]
[BlackClock "0:00:00"]
[Board "14"]

1. e4 d6 2. d4 Nf6 3. f3 e5 4. d5 Be7 5. c4 O-O 6. Nc3 a5 7. Be3 Nfd7 8. Qd2 h6 9. Bd3 Bg5 10. Nge2 Bxe3 11. Qxe3 Na6 12. O-O Ndc5 13. Rad1 Qg5 14. Qf2 Bd7 15. Bb1 a4 16. a3 Rab8 17. f4 exf4 18. Nxf4 Qe5 19. h3 b5 20. cxb5 Bxb5 21. Nxb5 Rxb5 22. Ng6 fxg6 23. Qxf8+ Kh7 24. Rd2 Rb8 25. Qf2 Nb3 26. Rd3 Nac5 27. Rc3 Nd4 28. Kh1 h5 29. Rc4 Ndb3 30. Rb4 Re8 31. Bc2 Re7 32. Rb8 Re8 33. Rxe8 Qxe8 34. Qe3 Qe5 35. Qf2 Qxb2 36. e5 Qxe5 37. Re1 Qg5 38. Re8 Qf6 39. Qe2 1-0


[Site "https://www.chess.com"]

[Event "Titled Tuesday Blitz June 20 Late 2023"]
[White "Volkov, Maksim"]
[Black "Mikaelyan, Arman"]
[WhiteFideId "54123070"]
[BlackFideId "13304852"]
[WhiteElo "2295"]
[BlackElo "2456"]
[Result "1-0"]
[Round "6"]
[TimeControl "180+2"]
[Date "2023.06.20"]
[WhiteClock "0:00:07"]
[BlackClock "0:00:04"]
[Board "15"]

1. d4 d5 2. c4 c6 3. Nf3 Nf6 4. g3 g6 5. Bg2 dxc4 6. Na3 Bg7 7. Nxc4 O-O 8. O-O Be6 9. b3 Nbd7 10. Bb2 Nb6 11. Nce5 a5 12. Nd3 Qc7 13. Nd2 Rfd8 14. Nc5 Bg4 15. h3 Bc8 16. Rc1 a4 17. bxa4 Nfd7 18. Nde4 Nxc5 19. Nxc5 e5 20. e3 exd4 21. Bxd4 Bf5 22. g4 Bc8 23. Re1 Qd6 24. Bxg7 Kxg7 25. Qb3 Qc7 26. Qb2+ Kg8 27. Ne4 Nd5 28. Red1 Be6 29. Rxd5 Bxd5 30. Nf6+ Kf8 31. Nxd5 Rxd5 32. Bxd5 Rxa4 33. Qh8+ Ke7 34. Qxh7 Kf6 35. Qh8+ Ke7 36. Bxf7 Qd6 37. Bb3 Re4 38. Qg7+ Ke8 39. Bf7+ Kd8 40. Qxg6 Qe7 41. Rd1+ Kc7 42. Bb3 Re5 43. Qd3 b5 44. Kg2 Kb6 45. Qd8+ Qxd8 46. Rxd8 c5 47. Rd6+ Ka5 48. Rd5 Re4 49. Rxc5 Kb4 50. Rf5 Re8 51. g5 Kc3 52. g6 1-0


[Site "https://www.chess.com"]

[Event "Titled Tuesday Blitz June 20 Late 2023"]
[White "Xiong, Jeffery"]
[Black "Jaracz, Pawel"]
[WhiteFideId "2047640"]
[BlackFideId "1102222"]
[WhiteElo "2726"]
[BlackElo "2454"]
[Result "1-0"]
[Round "6"]
[TimeControl "180+2"]
[Date "2023.06.20"]
[WhiteClock "0:02:13"]
[BlackClock "0:00:10"]
[Board "16"]

1. e4 d6 2. d4 Nf6 3. Nc3 e5 4. Nf3 Nbd7 5. Bc4 Be7 6. a4 O-O 7. O-O c6 8. Re1 h6 9. h3 Re8 10. Be3 exd4 11. Bxd4 Nf8 12. a5 Be6 13. Bf1 d5 14. a6 bxa6 15. exd5 Nxd5 16. Bxa6 Bb4 17. Bb7 c5 18. Bxg7 Kxg7 19. Nxd5 Bxe1 20. Bxa8 Qxa8 21. Nc7 Qb8 22. Nxe8+ 1-0


[Site "https://www.chess.com"]

[Event "Titled Tuesday Blitz June 20 Late 2023"]
[White "Salimova, Nurgyul"]
[Black "Eljanov, Pavel"]
[WhiteFideId "2915138"]
[BlackFideId "14102951"]
[WhiteElo "2343"]
[BlackElo "2598"]
[Result "1-0"]
[Round "6"]
[TimeControl "180+2"]
[Date "2023.06.20"]
[WhiteClock "0:00:08"]
[BlackClock "0:00:26"]
[Board "17"]

1. d4 d5 2. Nf3 Nf6 3. c4 e6 4. g3 Bb4+ 5. Bd2 Be7 6. Bg2 O-O 7. O-O Nbd7 8. b4 Nb6 9. c5 Nc4 10. Bf4 a5 11. b5 Nh5 12. Nbd2 Nxf4 13. gxf4 Nxd2 14. Qxd2 Bd7 15. a4 f6 16. Kh1 Be8 17. Bh3 Qd7 18. Qe3 Bf7 19. Rg1 Kh8 20. Rg3 Rfe8 21. Rag1 Bf8 22. Bg4 b6 23. c6 Qd6 24. Rh3 g6 25. Rhg3 Bh6 26. Rh3 Bxf4 27. Qd3 f5 28. e3 e5 29. exf4 e4 30. Ng5 Bg8 31. Qg3 fxg4 32. Rxh7+ Bxh7 33. Nf7+ Kg7 34. Nxd6 cxd6 35. f5 gxf5 36. Qxd6 Rad8 37. Qc7+ Kh8 38. Qf4 e3 39. fxe3 Re4 40. Qg5 Rde8 41. c7 f4 42. Qf6+ 1-0


[Site "https://www.chess.com"]

[Event "Titled Tuesday Blitz June 20 Late 2023"]
[White "Steinberg, Nitzan"]
[Black "Leon Oquendo, Jorge"]
[WhiteFideId "2801795"]
[BlackFideId "3514803"]
[WhiteElo "2486"]
[BlackElo "2276"]
[Result "1/2-1/2"]
[Round "6"]
[TimeControl "180+2"]
[Date "2023.06.20"]
[WhiteClock "0:00:20"]
[BlackClock "0:00:24"]
[Board "18"]

1. Nf3 d5 2. g3 Nf6 3. Bg2 e6 4. O-O Be7 5. d3 O-O 6. Nbd2 Nc6 7. e4 dxe4 8. dxe4 e5 9. c3 Be6 10. Qe2 h6 11. Rd1 Bd6 12. Nc4 Qe7 13. Nh4 Rfd8 14. Nf5 Bxf5 15. exf5 e4 16. Nxd6 Rxd6 17. Bf4 Rxd1+ 18. Rxd1 Re8 19. Qb5 Nd8 20. Qa5 Nc6 21. Qxc7 Qxc7 22. Bxc7 Ne7 23. Rd8 Nxf5 24. Rxe8+ Nxe8 25. Bb8 Nfd6 26. Bxa7 f5 27. f3 Kf7 28. Kf2 Ke6 29. Bd4 g5 30. fxe4 Nxe4+ 31. Ke3 N4d6 32. b3 Nf6 33. Bxf6 Kxf6 34. Kd4 Ke6 35. a4 f4 36. gxf4 gxf4 37. b4 Nf5+ 38. Ke4 Ne3 39. Bh3+ Kd6 40. a5 Nd1 41. Kd4 f3 42. Bf1 f2 43. c4 Nb2 44. c5+ Kc6 45. Kc3 Nd1+ 46. Kd2 Nb2 47. Ke3 Nd1+ 48. Ke2 Nc3+ 49. Kxf2 Na2 50. Bg2+ Kb5 51. Bxb7 Nxb4 52. a6 Nxa6 53. Bxa6+ Kxc5 54. Ke3 Kd6 55. Kf4 Ke7 56. Kf5 Kf8 57. Kg6 Kg8 58. Bc4+ Kh8 59. h3 h5 60. Kxh5 Kg7 61. Kg5 Kh8 62. h4 Kh7 63. h5 Kh8 64. h6 Kh7 65. Kh5 Kh8 66. Kg6 1/2-1/2


[Site "https://www.chess.com"]

[Event "Titled Tuesday Blitz June 20 Late 2023"]
[White "Korchmar, Vasiliy"]
[Black "Sanal, Vahap"]
[WhiteFideId "24131750"]
[BlackFideId "6300545"]
[WhiteElo "2370"]
[BlackElo "2606"]
[Result "1-0"]
[Round "6"]
[TimeControl "180+2"]
[Date "2023.06.20"]
[WhiteClock "0:00:05"]
[BlackClock "0:01:21"]
[Board "19"]

1. e4 e5 2. Nf3 Nc6 3. Bc4 Bc5 4. c3 Nf6 5. d3 d6 6. Bg5 h6 7. Bh4 a5 8. O-O O-O 9. Nbd2 Qe7 10. Re1 Be6 11. Bd5 Ba7 12. Nf1 Nd8 13. d4 c6 14. Bb3 Bxb3 15. axb3 Bb6 16. Ne3 exd4 17. cxd4 Qe6 18. d5 Qxe4 19. Bxf6 gxf6 20. Nc4 Bxf2+ 21. Kxf2 Qf5 22. Nxd6 Qf4 23. Ne4 cxd5 24. Qxd5 Ra6 25. Qd2 Qxd2+ 26. Nfxd2 Kg7 27. Nc4 Nc6 28. Nc5 Ra7 29. Re3 Rd8 30. Rd3 Rc8 31. Rd7 b5 32. Nb6 Rxd7 33. Nbxd7 Rc7 34. Rc1 Nd4 35. Ke3 Nf5+ 36. Kf4 Kg6 37. Nf8+ Kg7 38. Nfe6+ fxe6 39. Nxe6+ Kg6 40. Nf8+ Kf7 41. Rxc7+ Ne7 42. Ng6 Kxg6 43. Rxe7 a4 44. Rb7 axb3 45. Rxb5 f5 46. Rxb3 Kh5 47. Rh3+ Kg6 48. Rg3+ Kh5 49. Kxf5 Kh4 50. Rh3# 1-0


[Site "https://www.chess.com"]

[Event "Titled Tuesday Blitz June 20 Late 2023"]
[White "Ibarra Jerez, Jose Carlos"]
[Black "Ganiev, Roman"]
[WhiteFideId "2226332"]
[BlackFideId "4131452"]
[WhiteElo "2631"]
[BlackElo "2669"]
[Result "1-0"]
[Round "6"]
[TimeControl "180+2"]
[Date "2023.06.20"]
[WhiteClock "0:00:03"]
[BlackClock "0:00:00"]
[Board "20"]

1. e4 c5 2. Nf3 d6 3. c3 Nf6 4. h3 Nc6 5. Bd3 g6 6. Bc2 Bg7 7. d4 cxd4 8. cxd4 O-O 9. O-O Bd7 10. Nc3 e5 11. d5 Ne7 12. a4 a6 13. a5 Nh5 14. Be3 f5 15. Bb6 Qe8 16. Bc7 Rf6 17. Ng5 Rc8 18. Bb6 Nf4 19. g3 h6 20. gxf4 hxg5 21. fxg5 Rf8 22. Kh2 fxe4 23. Nxe4 Nf5 24. Bd3 Qe7 25. Rg1 Nh4 26. Rg3 Nf5 27. Rg4 Nd4 28. Bxd4 Bxg4 29. Qxg4 exd4 30. f4 Rce8 31. Rf1 Qf7 32. Nxd6 Qxd5 33. Nxe8 Rxe8 34. Bxg6 Re3 35. Rf2 d3 36. Qc8+ Bf8 37. Qc7 Re7 38. Qc3 Re3 39. Qd2 Bc5 40. Rg2 Qd4 41. Qf2 d2 42. Qh4 d1=Q 43. Qh7+ 1-0


[Site "https://www.chess.com"]

[Event "Titled Tuesday Blitz June 20 Late 2023"]
[White "Iturrizaga Bonelli, Eduardo"]
[Black "Ashraf, Artin"]
[WhiteFideId "3901211"]
[BlackFideId "22514805"]
[WhiteElo "2647"]
[BlackElo "2224"]
[Result "1-0"]
[Round "6"]
[TimeControl "180+2"]
[Date "2023.06.20"]
[WhiteClock "0:00:39"]
[BlackClock "0:00:00"]
[Board "21"]

1. c4 g6 2. g3 Bg7 3. Bg2 c5 4. Nc3 Nc6 5. Nf3 d6 6. O-O e6 7. e3 Nge7 8. d4 O-O 9. b3 Nf5 10. Ne2 e5 11. dxe5 dxe5 12. Nd2 e4 13. Rb1 Qa5 14. a3 Rd8 15. Qc2 Nd6 16. Bb2 Nb5 17. Nxe4 Nxa3 18. Qc1 Nxb1 19. Bxg7 Kxg7 20. Qb2+ Kf8 21. Qh8+ Ke7 22. Qf6+ Kf8 23. Ng5 Qc7 24. Bd5 Ne5 25. Rxb1 Ng4 26. Qh8+ Ke7 27. Qxh7 Ne5 28. f4 1-0


[Site "https://www.chess.com"]

[Event "Titled Tuesday Blitz June 20 Late 2023"]
[White "Schnaider, Ilan"]
[Black "Babazada, Khazar"]
[WhiteFideId "169013"]
[BlackFideId "13413554"]
[WhiteElo "2224"]
[BlackElo "2369"]
[Result "0-1"]
[Round "6"]
[TimeControl "180+2"]
[Date "2023.06.20"]
[WhiteClock "0:00:56"]
[BlackClock "0:00:09"]
[Board "22"]

1. e4 e5 2. Nf3 Nc6 3. Bc4 Bc5 4. c3 Nf6 5. d3 d6 6. O-O h6 7. Re1 a6 8. a4 Ba7 9. Nbd2 O-O 10. h3 Re8 11. Nf1 Be6 12. Bxe6 Rxe6 13. Be3 d5 14. Bxa7 Rxa7 15. exd5 Nxd5 16. Ng3 Nf4 17. d4 exd4 18. cxd4 Rxe1+ 19. Qxe1 Ra8 20. Qe4 Nd5 21. Re1 Nf6 22. Qf4 Qd7 23. Nf5 Re8 24. Ne5 Nxe5 25. dxe5 Qd5 26. Qg3 Nh5 27. Qh4 g6 28. Ne7+ Rxe7 29. Qxe7 Nf4 30. f3 Qd2 31. Qd8+ Qxd8 32. g3 Qd2 33. gxf4 Qxe1+ 34. Kg2 h5 35. e6 fxe6 36. f5 h4 37. fxg6 Qg3+ 38. Kf1 Qxf3+ 39. Ke1 Qxh3 40. Kd1 Qg3 41. Kc2 h3 0-1


[Site "https://www.chess.com"]

[Event "Titled Tuesday Blitz June 20 Late 2023"]
[White "Holt, Conrad"]
[Black "TimGrutter03"]
[WhiteFideId "2034387"]
[WhiteElo "2592"]
[BlackElo "2621"]
[Result "1-0"]
[Round "6"]
[TimeControl "180+2"]
[Date "2023.06.20"]
[WhiteClock "0:01:09"]
[BlackClock "0:00:01"]
[Board "23"]

1. d4 g6 2. c4 Bg7 3. Nf3 d6 4. e4 Nf6 5. Nc3 O-O 6. h3 Nc6 7. d5 Ne5 8. Nxe5 dxe5 9. Be2 e6 10. Bg5 h6 11. Be3 exd5 12. exd5 Ne8 13. Qd2 Kh7 14. O-O f5 15. f4 exf4 16. Bxf4 b6 17. Rae1 Nd6 18. Bd3 Qf6 19. Be5 Qf7 20. Qf4 Bxe5 21. Rxe5 Bd7 22. b4 Rae8 23. Rxe8 Rxe8 24. c5 Qg7 25. Rc1 Ne4 26. Bxe4 fxe4 27. Qxc7 e3 28. c6 e2 29. Nxe2 Rxe2 30. cxd7 Qd4+ 31. Kh1 Re7 32. d8=Q Rxc7 33. Rxc7+ 1-0


[Site "https://www.chess.com"]

[Event "Titled Tuesday Blitz June 20 Late 2023"]
[White "De La Villa Garcia, Jesus Maria"]
[Black "Simonian, Hrair"]
[WhiteFideId "2200040"]
[BlackFideId "13302337"]
[WhiteElo "2575"]
[BlackElo "2447"]
[Result "0-1"]
[Round "6"]
[TimeControl "180+2"]
[Date "2023.06.20"]
[WhiteClock "0:00:00"]
[BlackClock "0:00:20"]
[Board "24"]

1. c4 e5 2. Nc3 Bb4 3. Nd5 Na6 4. a3 Ba5 5. b4 c6 6. Nc3 Bc7 7. Bb2 Ne7 8. Nf3 O-O 9. e3 d5 10. d4 e4 11. Nd2 Be6 12. cxd5 cxd5 13. Bxa6 bxa6 14. Nb3 a5 15. Nc5 axb4 16. axb4 a5 17. bxa5 Bxa5 18. O-O Bc7 19. Nb5 Bxh2+ 20. Kxh2 Qb8+ 21. Kg1 Qxb5 22. Qc2 Rfb8 23. Bc3 Qc4 24. Rfb1 Bf5 25. Rxb8+ Rxb8 26. Ra4 Qb5 27. Rb4 Qe8 28. Qa4 Qd8 29. Rb7 h5 30. Ba5 Qf8 31. Qb5 Rxb7 32. Qxb7 h4 33. Bc7 Qc8 34. Qa7 h3 35. Bg3 Ng6 36. gxh3 Bxh3 37. Qb7 Qg4 38. Qxd5 Qd1+ 39. Kh2 Bg4 40. Qb3 Qf1 41. Qb8+ Kh7 0-1


[Site "https://www.chess.com"]

[Event "Titled Tuesday Blitz June 20 Late 2023"]
[White "Keleberda, Tymur"]
[Black "Maximov, Dmitry"]
[WhiteFideId "14174294"]
[BlackFideId "14105659"]
[WhiteElo "2198"]
[BlackElo "2494"]
[Result "1-0"]
[Round "6"]
[TimeControl "180+2"]
[Date "2023.06.20"]
[WhiteClock "0:00:09"]
[BlackClock "0:00:04"]
[Board "25"]

1. e4 c5 2. Nf3 d6 3. c3 Nf6 4. h3 Nbd7 5. Bd3 e5 6. Bc2 Be7 7. O-O O-O 8. d4 Qc7 9. d5 Ne8 10. a4 g6 11. b4 Ng7 12. Na3 a6 13. b5 f6 14. Be3 Rf7 15. Nc4 Nb6 16. Nfd2 Nxc4 17. Nxc4 f5 18. bxa6 Rxa6 19. f3 f4 20. Bf2 g5 21. a5 h5 22. Ba4 g4 23. hxg4 hxg4 24. fxg4 Rf6 25. Bb5 Rg6 26. Bxa6 Bxg4 27. Qd3 bxa6 28. Ra2 Nh5 29. Rb1 f3 30. g3 Nf4 31. gxf4 Bh3+ 32. Kh1 Bg2+ 33. Kg1 Rh6 34. Bg3 exf4 35. Bxf4 Rh1+ 36. Kf2 Bh4+ 37. Bg3 Bxg3+ 38. Kxg3 Qg7+ 39. Kf2 Rh2 40. Rb8+ Kh7 41. e5+ Kh6 42. Qe3+ Kh5 43. Qf4 Rh4 44. Qf5+ Kh6 45. Nxd6 Bh3 46. Nf7+ Qxf7 47. Qxf7 Bg4 48. Rh8+ Kg5 49. Qf6# 1-0


[Site "https://www.chess.com"]

[Event "Titled Tuesday Blitz June 20 Late 2023"]
[White "Ismagilov, Damir"]
[Black "Maksimovic, Bojan"]
[WhiteFideId "34199982"]
[BlackFideId "14408120"]
[WhiteElo "2104"]
[BlackElo "2457"]
[Result "0-1"]
[Round "6"]
[TimeControl "180+2"]
[Date "2023.06.20"]
[WhiteClock "0:00:00"]
[BlackClock "0:00:05"]
[Board "26"]

1. d4 Nf6 2. Bf4 Nh5 3. Bd2 Nf6 4. Bf4 Nh5 5. Bd2 d6 6. e4 g6 7. Be2 Nf6 8. Nc3 Nc6 9. Nf3 Bg7 10. d5 Ne5 11. Nxe5 dxe5 12. O-O O-O 13. Be3 Ne8 14. f3 Nd6 15. Nb5 a6 16. Nxd6 exd6 17. c4 f5 18. c5 fxe4 19. fxe4 Rxf1+ 20. Bxf1 Qh4 21. Bd3 Bg4 22. Qb3 Bh6 23. Bf2 Qe7 24. Qxb7 Rf8 25. cxd6 Qxd6 26. Qxa6 Qb4 27. Qc4 Qxb2 28. Rf1 Rxf2 29. Rxf2 Be3 30. d6+ Kh8 31. Qf7 Qc1+ 32. Bf1 Bxf2+ 33. Qxf2 Kg8 34. Qh4 Qe3+ 35. Qf2 Qxf2+ 36. Kxf2 cxd6 37. a4 Kf8 38. a5 Ke7 39. a6 Bc8 40. a7 Bb7 41. Ke3 Kd7 42. Bc4 Kc7 43. h4 h6 44. g4 g5 45. hxg5 hxg5 46. Bd5 Bxd5 47. exd5 Kb7 48. Ke4 Kxa7 49. Kf5 Kb7 50. Kxg5 Kc7 51. Kf6 e4 52. g5 e3 53. g6 e2 54. g7 e1=Q 55. g8=Q Qe5+ 56. Kg6 Kb6 57. Qe6 Kc5 58. Qc8+ Kxd5 59. Qb7+ Kd4 60. Qb4+ Ke3 61. Qe1+ Kf4 62. Qf1+ Ke4 63. Qe2+ Kd5 64. Qb5+ Kd4 65. Qb2+ Kc5 66. Qc2+ Kb4 67. Qb1+ Kc4 68. Qf1+ Kc5 69. Qc1+ Kb6 70. Qb1+ Kc7 71. Qc1+ Kd7 72. Qa3 d5 73. Qa7+ Qc7 74. Qd4 Qc4 75. Qa7+ Ke6 76. Qb6+ Ke5 77. Qb8+ Kd4 78. Qb6+ Kc3 79. Qa5+ Kd3 80. Qa3+ Qc3 81. Qa6+ Ke3 82. Qe6+ Kd4 83. Qb6+ Qc5 84. Qb2+ Ke4 85. Qe2+ Qe3 86. Qg2+ Qf3 87. Qc2+ Qd3 88. Qc6 Ke3+ 89. Kg5 d4 90. Qc5 Qe4 91. Qa3+ d3 92. Qa7+ Ke2 93. Qa6 Qe3+ 94. Kg4 Kf2 95. Qa2+ d2 96. Kh4 Kg2 97. Qg8+ Kh2 98. Qb8+ Kg1 99. Qb1+ Kf2 0-1


[Site "https://www.chess.com"]

[Event "Titled Tuesday Blitz June 20 Late 2023"]
[White "Hakobyan, Aram"]
[Black "Timmermans, Mark"]
[WhiteFideId "13306677"]
[BlackFideId "1026399"]
[WhiteElo "2584"]
[BlackElo "2460"]
[Result "1-0"]
[Round "6"]
[TimeControl "180+2"]
[Date "2023.06.20"]
[WhiteClock "0:00:04"]
[BlackClock "0:00:04"]
[Board "27"]

1. d4 Nf6 2. c4 c5 3. d5 b5 4. Nf3 e6 5. e4 Nxe4 6. Bd3 Nd6 7. cxb5 a6 8. bxa6 Nxa6 9. Nc3 Nb4 10. Be2 Bb7 11. dxe6 fxe6 12. O-O Be7 13. Bf4 Nf7 14. a3 Nd5 15. Nxd5 Bxd5 16. Bg3 g5 17. Ne5 O-O 18. Bd3 Nxe5 19. Bxe5 Bf6 20. Qh5 Rf7 21. f4 Rg7 22. Qh6 gxf4 23. Bxh7+ Rxh7 24. Qxf6 Qxf6 25. Bxf6 f3 26. gxf3 Rf7 27. Be5 Rxf3 28. Rxf3 Bxf3 29. Rc1 Ra5 30. Kf2 Bd5 31. Rg1+ Kf8 32. h4 c4 33. h5 Be4 34. Bg7+ Kf7 35. h6 Rh5 36. Ke3 Bg6 37. Kd4 Rh4+ 38. Kc3 d6 39. Rf1+ Ke7 40. Bf6+ 1-0


[Site "https://www.chess.com"]

[Event "Titled Tuesday Blitz June 20 Late 2023"]
[White "Makhnev, Denis"]
[Black "Turayev, Shahruh"]
[WhiteFideId "13707647"]
[BlackFideId "14003856"]
[WhiteElo "2515"]
[BlackElo "2113"]
[Result "1-0"]
[Round "6"]
[TimeControl "180+2"]
[Date "2023.06.20"]
[WhiteClock "0:01:48"]
[BlackClock "0:00:00"]
[Board "28"]

1. d4 d5 2. c4 e6 3. Nf3 Nf6 4. g3 Be7 5. Bg2 O-O 6. O-O dxc4 7. Qc2 b5 8. a4 b4 9. Ne5 Qxd4 10. Bxa8 Qxe5 11. Bf3 Ba6 12. Bf4 Qc5 13. Nd2 Nd5 14. Rac1 Nxf4 15. gxf4 Nc6 16. e3 Na5 17. Rfd1 Bf6 18. Be2 e5 19. Nxc4 exf4 20. exf4 b3 21. Qe4 Bxc4 22. Bxc4 Qh5 23. Be2 Qh6 24. Rc5 Bxb2 25. Rxa5 Bc3 26. Rc5 Qf6 27. Rc6 1-0


[Site "https://www.chess.com"]

[Event "Titled Tuesday Blitz June 20 Late 2023"]
[White "Henriquez Villagra, Cristobal"]
[Black "Haydon, David L"]
[WhiteFideId "3409350"]
[BlackFideId "415405"]
[WhiteElo "2542"]
[BlackElo "2326"]
[Result "1-0"]
[Round "6"]
[TimeControl "180+2"]
[Date "2023.06.20"]
[WhiteClock "0:01:52"]
[BlackClock "0:01:27"]
[Board "29"]

1. e4 c6 2. Nf3 d5 3. exd5 cxd5 4. d4 Nc6 5. c3 Bg4 6. Be2 e6 7. O-O Bd6 8. Nbd2 Nf6 9. Re1 Qc7 10. Nf1 O-O-O 11. b4 h5 12. Be3 Ne4 13. Rc1 Kb8 14. a3 Ne7 15. c4 dxc4 16. Rxc4 Qd7 17. Qb1 Bf5 18. Qb2 Nd5 19. Rec1 Rc8 20. Ne5 Bxe5 21. dxe5 Rxc4 22. Rxc4 h4 23. Qd4 Rd8 24. Qxa7# 1-0


[Site "https://www.chess.com"]

[Event "Titled Tuesday Blitz June 20 Late 2023"]
[White "Katz, Alexander"]
[Black "Sjugirov, Sanan"]
[WhiteFideId "2039796"]
[BlackFideId "4189302"]
[WhiteElo "2389"]
[BlackElo "2569"]
[Result "1-0"]
[Round "6"]
[TimeControl "180+2"]
[Date "2023.06.20"]
[WhiteClock "0:00:07"]
[BlackClock "0:00:00"]
[Board "30"]

1. e4 Nc6 2. Nf3 d6 3. d4 Nf6 4. Nc3 e6 5. Be2 Be7 6. O-O O-O 7. h3 a6 8. Be3 b5 9. a3 Bb7 10. Nd2 Re8 11. f4 Bf8 12. Bd3 Ne7 13. Qe2 Rc8 14. Qf2 Ng6 15. e5 Nd5 16. Nxd5 Bxd5 17. b3 c5 18. dxc5 dxc5 19. Rad1 Qc7 20. c4 bxc4 21. bxc4 Bc6 22. Ne4 Red8 23. Ng5 Be7 24. Bxg6 hxg6 25. Bxc5 Rxd1 26. Rxd1 Bxg5 27. Bd6 Qd8 28. fxg5 Qxg5 29. Rd4 Bb7 30. Kh2 Bc6 31. Rg4 Qd8 32. Rf4 Be8 33. c5 a5 34. Rd4 Qg5 35. h4 Qf5 36. Rf4 Qd3 37. Rf3 Qc4 38. Rh3 Qg4 39. Qe1 a4 40. Qe3 Bc6 41. Qf2 Ra8 42. h5 gxh5 43. Rh4 Qg6 44. Rh3 Ra7 45. Rg3 Qe4 46. Qf6 Qh7 47. Qd8+ 1-0


[Site "https://www.chess.com"]

[Event "Titled Tuesday Blitz June 20 Late 2023"]
[White "Saric, Ivan"]
[Black "Kavyev, Ruslan"]
[WhiteFideId "14508150"]
[BlackFideId "34110981"]
[WhiteElo "2576"]
[BlackElo "2336"]
[Result "1-0"]
[Round "6"]
[TimeControl "180+2"]
[Date "2023.06.20"]
[WhiteClock "0:01:57"]
[BlackClock "0:02:00"]
[Board "31"]

1. e4 c5 2. Nf3 d6 3. g3 Nf6 4. d3 g6 5. Bg2 Bg7 6. O-O O-O 7. Re1 Nc6 8. c3 Rb8 9. h3 b5 10. d4 b4 11. e5 Ne8 12. dxc5 Nxe5 13. Nxe5 Bxe5 14. Rxe5 bxc3 15. Nxc3 Bxh3 16. cxd6 Bxg2 17. dxe7 Qc7 18. exf8=Q+ Kxf8 19. Rxe8+ Rxe8 20. Kxg2 Qc6+ 21. Qf3 Qe6 22. Bd2 1-0


[Site "https://www.chess.com"]

[Event "Titled Tuesday Blitz June 20 Late 2023"]
[White "Baskakov, Egor"]
[Black "Bernabeu Lopez, Carlos Javier"]
[WhiteFideId "24197866"]
[BlackFideId "2235366"]
[WhiteElo "2225"]
[BlackElo "2344"]
[Result "1/2-1/2"]
[Round "6"]
[TimeControl "180+2"]
[Date "2023.06.20"]
[WhiteClock "0:00:08"]
[BlackClock "0:00:32"]
[Board "32"]

1. e4 e5 2. Nc3 Nf6 3. g3 d5 4. exd5 Nxd5 5. Bg2 Nxc3 6. bxc3 Nc6 7. d3 Bc5 8. Ne2 O-O 9. O-O Bg4 10. h3 Be6 11. c4 Qd7 12. Kh2 Rad8 13. Be3 Bxe3 14. fxe3 e4 15. Nf4 exd3 16. cxd3 Ne5 17. Be4 Ng6 18. Qh5 c6 19. a4 f5 20. Nxe6 Qxe6 21. Rxf5 Rxf5 22. Qxf5 Qd6 23. Qa5 Rf8 24. Ra2 a6 25. Qe1 Ne5 26. Rf2 Rf6 27. Qe2 a5 28. Rxf6 Qxf6 29. d4 Nd7 30. c5 g6 31. Bg2 Qe6 32. Qd2 Nf6 33. Qd3 Qa2 34. e4 Qf2 35. d5 Qxc5 36. Qb3 cxd5 37. e5 Nh5 38. Qxd5+ Qxd5 39. Bxd5+ Kf8 40. Bxb7 Ng7 41. Bd5 Nf5 42. g4 Ne3 43. Bb3 Nf1+ 44. Kg1 Nd2 45. Bd5 Nb1 46. Kf2 Nc3 47. Bc6 Ke7 48. Ke3 Ke6 49. Kd4 Ne2+ 50. Kc5 Kxe5 51. Kb6 Kf4 52. Kxa5 Nc3 53. Kb6 Nxa4+ 54. Bxa4 Kg3 55. Bd7 Kxh3 56. Kc5 Kh4 57. Kd4 h5 58. gxh5 Kxh5 59. Ke3 g5 60. Kf3 g4+ 61. Bxg4+ 1/2-1/2


[Site "https://www.chess.com"]

[Event "Titled Tuesday Blitz June 20 Late 2023"]
[White "Lewtak, Damian"]
[Black "Grigoriants, Sergey"]
[WhiteFideId "1141724"]
[BlackFideId "4130804"]
[WhiteElo "2302"]
[BlackElo "2502"]
[Result "0-1"]
[Round "6"]
[TimeControl "180+2"]
[Date "2023.06.20"]
[WhiteClock "0:00:08"]
[BlackClock "0:00:53"]
[Board "33"]

1. e4 c5 2. Nf3 Nc6 3. Bb5 e6 4. Bxc6 bxc6 5. d3 Ne7 6. Qe2 Ng6 7. h4 h5 8. e5 f6 9. Nc3 Kf7 10. Qe4 Rb8 11. a3 d5 12. exd6 Bxd6 13. Nd2 Be5 14. Nc4 Bd4 15. Qxc6 Ne7 16. Qd6 Bb7 17. O-O Nf5 18. Qxd8 Rhxd8 19. Ne2 Nxh4 20. Nxd4 cxd4 21. f3 e5 22. b3 g5 23. Kf2 Nf5 24. Bd2 h4 25. a4 Bd5 26. Rab1 Rbc8 27. Rb2 Rg8 28. Kg1 Ke6 29. Rf2 Rh8 30. b4 Bxc4 31. dxc4 Rxc4 32. a5 Rhc8 33. Be1 Ne3 34. b5 Nxc2 35. Bd2 Ne3 36. Bxe3 dxe3 37. Kh2 exf2 0-1


[Site "https://www.chess.com"]